SAAA
PAWNEE PARKSNREC @ HIALEAH DODOS
06/24/2042
 
TOP OF THE 1ST
Pawnee ParksNRec batting - Pitching for Hialeah Dodos : RHP Ed Alexander
Pitching: RHP Ed Alexander
Batting: RHB Hiroshige Ohashi 0-0: SINGLE (Line Drive, 34D, EV 95.0 MPH)
Batting: RHB Bartolo Álvarez 0-0: Called Strike
0-1: Grounds into double play, 5-4-3 (Groundball, 56S, EV 80.0 MPH)
Batting: RHB Josh Mawdesley 0-0: SOLO HOME RUN (Flyball, 78XD, EV 101.2 MPH), Distance : 426 ft
Batting: LHB Won-shik Yi 0-0: Ball
1-0: Ball
2-0: Swinging Strike
2-1: Foul Ball, location: 2F
2-2: Foul Ball, location: 2F
2-2: Ball
3-2: Base on Balls
Batting: RHB Elmer Kent 0-0: Swinging Strike
0-1: Foul Ball, location: 2F
0-2: Ball
1-2: Foul Ball, location: 2F
1-2: Ball
Wild Pitch!
Won-shik Yi to second
2-2: Strikes out looking
Top of the 1st over - 1 run, 2 hits, 0 errors, 1 left on base; Pawnee 1 - Hialeah 0
BOTTOM OF THE 1ST
Hialeah Dodos batting - Pitching for Pawnee ParksNRec : RHP Yaroslav Red'kin
Pitching: RHP Yaroslav Red'kin
Batting: LHB Richard Edwards 0-0: Ball
1-0: Ball
2-0: Foul Ball, location: 2F
2-1: Foul Ball, location: 2F
2-2: Fly out, F8 (Line Drive, 8LM, EV 84.4 MPH)
Batting: RHB Yaakov Shmerkin 0-0: Ball
1-0: Called Strike
1-1: Ball
2-1: Foul Ball, location: 2F
2-2: Fly out, F7 (Flyball, 7D, EV 100.6 MPH)
Batting: RHB Eddie Neef 0-0: Ball
1-0: Swinging Strike
1-1: Ball
2-1: Fly out, F5 (Popup, 56S, EV 75.6 MPH)
Bottom of the 1st over - 0 runs, 0 hits, 0 errors, 0 left on base; Pawnee 1 - Hialeah 0
TOP OF THE 2ND
Pawnee ParksNRec batting - Pitching for Hialeah Dodos : RHP Ed Alexander
Batting: RHB Ashton Bailey 0-0: Called Strike
0-1: Foul Ball, location: 2F
0-2: SINGLE (Line Drive, 4M, EV 100.0 MPH)
Batting: RHB Charles Atkinson 0-0: Ball
1-0: Called Strike
1-1: Swinging Strike
1-2: Foul Ball, location: 2F
1-2: Foul Ball, location: 2F
1-2: Ball
2-2: Ball
3-2: Base on Balls
Ashton Bailey to second
Batting: SHB Ernesto Sacasas 0-0: Ball
1-0: Fly out, F9 (Flyball, 9S, EV 90.0 MPH)
Batting: RHB Terry Boyle 0-0: Ball
1-0: Fielders Choice at 2nd, 4-6 (Groundball, 4, EV 76.9 MPH)
Ashton Bailey to third
Batting: RHB Hiroshige Ohashi 0-0: Called Strike
0-1: Foul Ball, location: 2F
0-2: Strikes out swinging
Top of the 2nd over - 0 runs, 1 hit, 0 errors, 2 left on base; Pawnee 1 - Hialeah 0
BOTTOM OF THE 2ND
Hialeah Dodos batting - Pitching for Pawnee ParksNRec : RHP Yaroslav Red'kin
Batting: RHB Mulia Muljana 0-0: Ball
1-0: Foul Ball, location: 2F
1-1: Foul Ball, location: 2F
1-2: Foul Ball, location: 2F
1-2: Ball
2-2: Strikes out swinging
Batting: LHB Gabriel Montoya 0-0: Ball
1-0: Called Strike
1-1: Fly out, F8 (Flyball, 8RXD, EV 87.5 MPH)
Batting: LHB Keith Pick 0-0: Ball
1-0: Foul Ball, location: 2F
1-1: Foul Ball, location: 2F
1-2: Ball
2-2: Strikes out swinging
Bottom of the 2nd over - 0 runs, 0 hits, 0 errors, 0 left on base; Pawnee 1 - Hialeah 0
TOP OF THE 3RD
Pawnee ParksNRec batting - Pitching for Hialeah Dodos : RHP Ed Alexander
Batting: RHB Bartolo Álvarez 0-0: SINGLE (Line Drive, 8LS, EV 89.4 MPH)
Batting: RHB Josh Mawdesley 0-0: Ball
1-0: Hit by Pitch
Bartolo Álvarez to second
Batting: LHB Won-shik Yi 0-0: Called Strike
0-1: Ball
1-1: Ball
2-1: Foul Ball, location: 2F
2-2: Foul Ball, location: 2F
2-2: Strikes out swinging
Batting: RHB Elmer Kent 0-0: Called Strike
0-1: Ball
1-1: Reached on error, E1 (Groundball, 34S, EV 72.5 MPH)
Bartolo Álvarez to third
Josh Mawdesley to second
Batting: RHB Ashton Bailey 0-0: Called Strike
0-1: Ball
1-1: Swinging Strike
1-2: Strikes out swinging
Batting: RHB Charles Atkinson 0-0: Ball
1-0: Called Strike
1-1: Foul Ball, location: 2F
1-2: Ball
2-2: Strikes out swinging
Top of the 3rd over - 0 runs, 1 hit, 1 error, 3 left on base; Pawnee 1 - Hialeah 0
BOTTOM OF THE 3RD
Hialeah Dodos batting - Pitching for Pawnee ParksNRec : RHP Yaroslav Red'kin
Batting: RHB Sergio San Martín 0-0: Called Strike
0-1: Ball
1-1: Ball
2-1: Foul Ball, location: 2F
2-2: SINGLE (Groundball, 6MD, EV 95.6 MPH)
Batting: RHB Alfonso Cabedo 0-0: Ball
1-0: Ball
Passed Ball!
Sergio San Martín to second
2-0: Ball
3-0: Ground out 5-3 (Groundball, 56, EV 107.5 MPH)
Batting: SHB Xavier Mercier 0-0: Ball
1-0: Ball
Passed Ball!
Sergio San Martín to third
2-0: Ball
3-0: Called Strike
3-1: Ground out 4-3 (Groundball, 4, EV 86.9 MPH)
Sergio San Martín scores
Batting: LHB Richard Edwards 0-0: Called Strike
0-1: Called Strike
0-2: Ball
1-2: Strikes out swinging
Bottom of the 3rd over - 1 run, 1 hit, 0 errors, 0 left on base; Pawnee 1 - Hialeah 1
TOP OF THE 4TH
Pawnee ParksNRec batting - Pitching for Hialeah Dodos : RHP Ed Alexander
Batting: SHB Ernesto Sacasas 0-0: Called Strike
0-1: Foul Ball, location: 2F
0-2: Strikes out looking
Batting: RHB Terry Boyle 0-0: Called Strike
0-1: Ground out 4-3 (Groundball, 4M, EV 87.5 MPH)
Batting: RHB Hiroshige Ohashi 0-0: SINGLE (Line Drive, 8LS, EV 95.6 MPH)
Batting: RHB Bartolo Álvarez 0-0: Ball
1-0: Ball
2-0: Called Strike
2-1: Foul Ball, location: 2F
2-2: Foul Ball, location: 2F
2-2: Foul Ball, location: 2F
2-2: Ball
3-2: Base on Balls
Hiroshige Ohashi to second
Batting: RHB Josh Mawdesley 0-0: Ball
1-0: Called Strike
1-1: Called Strike
1-2: Ball
2-2: Ground out 5-3 (Groundball, 56S, EV 85.6 MPH)
Top of the 4th over - 0 runs, 1 hit, 0 errors, 2 left on base; Pawnee 1 - Hialeah 1
BOTTOM OF THE 4TH
Hialeah Dodos batting - Pitching for Pawnee ParksNRec : RHP Yaroslav Red'kin
Batting: RHB Yaakov Shmerkin 0-0: Ball
1-0: Called Strike
1-1: Ball
2-1: DOUBLE (Line Drive, 9LS, EV 91.2 MPH)
Batting: RHB Eddie Neef 0-0: Foul Ball, location: 2F
0-1: Ball
1-1: Fly out, F6 (Line Drive, 6, EV 68.8 MPH)
Batting: RHB Mulia Muljana 0-0: Called Strike
0-1: Called Strike
0-2: Ball
1-2: Foul Ball, location: 2F
1-2: Ball
2-2: Strikes out swinging
Batting: LHB Gabriel Montoya 0-0: Ball
1-0: Fly out, F6 (Flyball, 56D, EV 79.4 MPH)
Bottom of the 4th over - 0 runs, 1 hit, 0 errors, 1 left on base; Pawnee 1 - Hialeah 1
TOP OF THE 5TH
Pawnee ParksNRec batting - Pitching for Hialeah Dodos : RHP Ed Alexander
Batting: LHB Won-shik Yi 0-0: Ball
1-0: Ball
2-0: Called Strike
2-1: Foul Ball, location: 2F
2-2: Ball
3-2: Base on Balls
Batting: RHB Elmer Kent 0-0: Called Strike
0-1: Ball
1-1: Ball
2-1: Foul Ball, location: 2F
2-2: SINGLE (Flyball, 8RS, EV 93.1 MPH)
Won-shik Yi to second
Batting: RHB Ashton Bailey 0-0: Ball
1-0: Called Strike
1-1: Ball
2-1: Ball
3-1: Foul Ball, location: 2F
3-2: Grounds into double play, 4-6-3 (Groundball, 4, EV 86.9 MPH)
Won-shik Yi to third
Pitching: RHP Surrealiste Zhejna
Batting: RHB Charles Atkinson 0-0: Called Strike
0-1: Ball
1-1: Ball
2-1: Foul Ball, location: 2F
2-2: Ground out 1-3 (Groundball, 34S, EV 81.2 MPH)
Top of the 5th over - 0 runs, 1 hit, 0 errors, 1 left on base; Pawnee 1 - Hialeah 1
BOTTOM OF THE 5TH
Hialeah Dodos batting - Pitching for Pawnee ParksNRec : RHP Yaroslav Red'kin
Batting: LHB Keith Pick 0-0: SINGLE (Line Drive, 78S, EV 88.8 MPH)
Batting: RHB Sergio San Martín 0-0: Ball
1-0: Swinging Strike
1-1: Foul Ball, location: 2F
1-2: Ball
2-2: Strikes out swinging
Batting: RHB Alfonso Cabedo 0-0: Ball
1-0: Foul Ball, location: 2F
1-1: Ball
2-1: Foul Ball, location: 2F
2-2: Ball
3-2: Grounds into double play, 4-6-3 (Groundball, 4, EV 98.8 MPH)
Bottom of the 5th over - 0 runs, 1 hit, 0 errors, 0 left on base; Pawnee 1 - Hialeah 1
TOP OF THE 6TH
Pawnee ParksNRec batting - Pitching for Hialeah Dodos : RHP Surrealiste Zhejna
Batting: SHB Ernesto Sacasas 0-0: Ground out 6-3 (Groundball, 6, EV 88.1 MPH)
Batting: RHB Terry Boyle 0-0: Called Strike
0-1: Foul Ball, location: 2F
0-2: Foul Ball, location: 2F
0-2: Foul Ball, location: 2F
0-2: Ball
1-2: Ball
2-2: Strikes out swinging
Batting: RHB Hiroshige Ohashi 0-0: Called Strike
0-1: Foul Ball, location: 2F
0-2: Ball
1-2: Ball
2-2: Ball
3-2: Foul Ball, location: 2F
3-2: Foul Ball, location: 2F
3-2: Foul Ball, location: 2F
3-2: SINGLE (Line Drive, 78M, EV 90.0 MPH)
Batting: RHB Bartolo Álvarez 0-0: Ball
Hiroshige Ohashi is caught stealing 2nd base 2-4
Top of the 6th over - 0 runs, 1 hit, 0 errors, 0 left on base; Pawnee 1 - Hialeah 1
BOTTOM OF THE 6TH
Hialeah Dodos batting - Pitching for Pawnee ParksNRec : RHP Yaroslav Red'kin
Batting: SHB Xavier Mercier 0-0: Foul Ball, location: 2F
0-1: Ball
1-1: Ball
2-1: Ball
3-1: Base on Balls
Batting: LHB Richard Edwards 0-0: Sac Bunt to 25 - play at first, batter OUT! 5-4
Xavier Mercier to second
Batting: RHB Yaakov Shmerkin 0-0: SINGLE (Line Drive, 56, EV 96.9 MPH)
Xavier Mercier to third
Runner from 3rd tries for Home, SAFE, no throw by LF
Batting: RHB Eddie Neef 0-0: Ball
1-0: 2-RUN HOME RUN (Flyball, 7D, EV 106.9 MPH), Distance : 375 ft
Batting: RHB Mulia Muljana 0-0: DOUBLE (Line Drive, 89D, EV 108.1 MPH)
Pitching: RHP Jessie James
Batting: LHB Gabriel Montoya 0-0: Called Strike
0-1: Swinging Strike
0-2: Ball
1-2: Ball
2-2: Ball
3-2: Strikes out swinging
Batting: LHB Keith Pick 0-0: Called Strike
0-1: Ball
1-1: Ball
2-1: Ball
3-1: Foul Ball, location: 2F
3-2: Foul Ball, location: 2F
3-2: Base on Balls
Batting: RHB Sergio San Martín 0-0: Ball
1-0: Ball
2-0: Called Strike
2-1: SINGLE (Line Drive, 89M, EV 97.5 MPH)
Mulia Muljana to third
Keith Pick to second
Runner from 3rd tries for Home, throw by CF and OUT! 8-2
Bottom of the 6th over - 3 runs, 4 hits, 0 errors, 2 left on base; Pawnee 1 - Hialeah 4
TOP OF THE 7TH
Pawnee ParksNRec batting - Pitching for Hialeah Dodos : RHP Surrealiste Zhejna
Batting: RHB Bartolo Álvarez 0-0: Ball
1-0: Ball
2-0: Called Strike
2-1: Ground out 1-3 (Groundball, 13, EV 86.2 MPH)
Batting: RHB Josh Mawdesley 0-0: Called Strike
0-1: Called Strike
0-2: Foul Ball, location: 2F
0-2: Fly out, F9 (Flyball, 9, EV 88.8 MPH)
Batting: LHB Won-shik Yi 0-0: Foul Ball, location: 2F
0-1: Foul Ball, location: 2F
0-2: Ball
1-2: Strikes out swinging
Top of the 7th over - 0 runs, 0 hits, 0 errors, 0 left on base; Pawnee 1 - Hialeah 4
BOTTOM OF THE 7TH
Hialeah Dodos batting - Pitching for Pawnee ParksNRec : RHP Jessie James
Batting: RHB Alfonso Cabedo 0-0: Fly out, F7 (Flyball, 7S, EV 85.0 MPH)
Batting: SHB Xavier Mercier 0-0: SINGLE (Line Drive, 7S, EV 101.9 MPH)
Batting: LHB Richard Edwards 0-0: Foul Ball, location: 2F
0-1: Ball
1-1: Foul Ball, location: 2F
1-2: Foul Ball, location: 2F
1-2: Ball
2-2: Ball
3-2: Grounds into double play, 6-4-3 (Groundball, 6, EV 95.6 MPH)
Bottom of the 7th over - 0 runs, 1 hit, 0 errors, 0 left on base; Pawnee 1 - Hialeah 4
TOP OF THE 8TH
Pawnee ParksNRec batting - Pitching for Hialeah Dodos : RHP Surrealiste Zhejna
Pitching: LHP Mike Park
Batting: RHB Elmer Kent 0-0: Foul Ball, location: 2F
0-1: Ball
1-1: Ball
2-1: Called Strike
2-2: Ball
3-2: Foul Ball, location: 2F
3-2: Foul Ball, location: 2F
3-2: Foul Ball, location: 2F
3-2: Strikes out swinging
Batting: RHB Ashton Bailey 0-0: Foul Ball, location: 2F
0-1: Foul Ball, location: 2F
0-2: Foul Ball, location: 2F
0-2: Ball
1-2: Ball
2-2: Foul Ball, location: 2F
2-2: Ground out 6-3 (Groundball, 6, EV 88.8 MPH)
Batting: RHB Charles Atkinson 0-0: Ball
1-0: Ball
2-0: Swinging Strike
2-1: Ball
3-1: SINGLE (Groundball, 6MD, EV 97.5 MPH)
Batting: SHB Ernesto Sacasas 0-0: Called Strike
0-1: Ball
1-1: Ball
2-1: Fly out, F2 (Popup, 2RF, EV 96.2 MPH)
Top of the 8th over - 0 runs, 1 hit, 0 errors, 1 left on base; Pawnee 1 - Hialeah 4
BOTTOM OF THE 8TH
Hialeah Dodos batting - Pitching for Pawnee ParksNRec : RHP Jessie James
Batting: RHB Yaakov Shmerkin 0-0: Ball
1-0: Foul Ball, location: 2F
1-1: Ball
2-1: Ball
3-1: Fly out, F8 (Line Drive, 8RM, EV 100.6 MPH)
Batting: RHB Eddie Neef 0-0: Ball
1-0: Called Strike
1-1: Swinging Strike
1-2: SINGLE (Line Drive, 8LS, EV 92.5 MPH)
Batting: RHB Mulia Muljana 0-0: Ball
1-0: Ball
2-0: Called Strike
2-1: Foul Ball, location: 2F
2-2: Foul Ball, location: 2F
2-2: SINGLE (Line Drive, 8RS, EV 108.8 MPH)
Eddie Neef to second
Pitching: LHP Markus Jutzi
Batting: LHB Gabriel Montoya 0-0: Fly out, F6 (Popup, 6M, EV 53.1 MPH)
Batting: LHB Keith Pick 0-0: Foul Ball, location: 2F
0-1: Ball
Wild Pitch!
Eddie Neef to third
Mulia Muljana to second
1-1: Single, Error in OF, E9, batter to second base (Line Drive, 9S, EV 94.4 MPH)
Eddie Neef scores
Mulia Muljana scores
Batting: RHB Sergio San Martín 0-0: Ball
1-0: Ball
2-0: Fly out, F7 (Flyball, 7, EV 71.9 MPH)
Bottom of the 8th over - 2 runs, 3 hits, 1 error, 1 left on base; Pawnee 1 - Hialeah 6
TOP OF THE 9TH
Pawnee ParksNRec batting - Pitching for Hialeah Dodos : LHP Mike Park
Batting: RHB Terry Boyle 0-0: Ball
1-0: Foul Ball, location: 2F
1-1: Called Strike
1-2: Ground out 1-3 (Groundball, 13, EV 89.4 MPH)
Batting: RHB Hiroshige Ohashi 0-0: Swinging Strike
0-1: Swinging Strike
0-2: Ball
1-2: Ball
2-2: Strikes out swinging
Batting: RHB Bartolo Álvarez 0-0: Called Strike
0-1: Ball
1-1: Ball
2-1: Swinging Strike
2-2: Strikes out swinging
Top of the 9th over - 0 runs, 0 hits, 0 errors, 0 left on base; Pawnee 1 - Hialeah 6
Friday, March 26th, 2021 - OOTP Baseball 20.8 Build 74